 Dungeon Crawl Stone Soup version 0.21-a0-225-g207ae17 (webtiles) character file.

40849 Gorglomux the Nimble (level 13, -9/66 HPs)
             Began as a Felid Monk on Aug 29, 2017.
             Was the Champion of Cheibriados.
             Killed from afar by a manticore (20 damage)
             ... with a volley of spikes
             ... on level 15 of the Dungeon.
             The game lasted 01:02:36 (27160 turns).

Gorglomux the Nimble (Felid Monk)                  Turns: 27160, Time: 01:02:37

Health: -9/66      AC:  3    Str: 21    XL:     13   Next: 76%
Magic:  25/34      EV: 41    Int: 33    God:    Cheibriados [******]
Gold:   771        SH:  2    Dex: 34    Spells: 13/27 levels left
                                        Lives:  0   Deaths: 3

rFire    . . .     SeeInvis +     - Unarmed
rCold    + . .     Gourm    .   (shield unavailable)
rNeg     . . .     Faith    .   (armour unavailable)
rPois    +         Spirit   .   (helmet unavailable)
rElec    .         Reflect  +   (cloak unavailable)
rCorr    .         Harm     .   (gloves unavailable)
MR       +....                  (boots unavailable)
Stlth    ++++++....             W - +2 amulet of reflection
HPRegen  0.21/turn              q - ring "Beehirgh" {rPois MP+9 Str-3 Int+2 Slay+2}
MPRegen  0.24/turn              t - +4 ring of evasion

@: about to teleport, marked, barbed spikes, very slow
A: no armour, no weapons or thrown items, stealth, claws 1, fangs 3, horns 1,
see invisible, carnivore 3, speed 1, shaggy fur 3, slow metabolism 1, strong 1,
sharp paws
a: Bend Time, Temporal Distortion, Slouch, Step From Time, Renounce Religion


You were on level 15 of the Dungeon.
You worshipped Cheibriados.
Cheibriados was exalted by your worship.
You were very full.

You visited 2 branches of the dungeon, and saw 21 of its levels.
You also visited: Ice Cave.

You collected 1686 gold pieces.
You spent 915 gold pieces at shops.

Inventory:

Jewellery
 q - the ring "Beehirgh" (left paw) {rPois MP+9 Str-3 Int+2 Slay+2}
   (You bought it in a shop on level 12 of the Dungeon)

   [ring of magical power]

   It affects your strength (-3).
   It affects your intelligence (+2).
   It affects your accuracy and damage with ranged weapons and melee attacks
   (+2).
   It protects you from poison.
   It affects your magic capacity (+9).
 t - a +4 ring of evasion (right paw)
 x - an uncursed ring of wizardry
 E - an uncursed ring of magical power
 W - a +2 amulet of reflection (around neck)
Wands
 A - a wand of acid (8/15)
 I - a wand of iceblast (10/15)
 L - a wand of lightning (4/15)
 S - a wand of scattershot (3/9)
Scrolls
 n - 2 scrolls of fear
 o - a scroll of vulnerability
 B - 8 scrolls of blinking
 C - 14 scrolls of remove curse
 F - 3 scrolls of fog
 K - 5 scrolls of recharging
 M - 5 scrolls of magic mapping
 N - 6 scrolls of amnesia
 P - 4 scrolls of immolation
 R - a scroll of identify
 T - 8 scrolls of teleportation
Potions
 p - 2 potions of ambrosia
 s - a potion of might
 u - a potion of magic
 v - 5 potions of agility
 w - 3 potions of invisibility
 D - 6 potions of heal wounds
 J - a potion of mutation {!q}
 O - 2 potions of lignification
 Q - 11 potions of curing
 U - 2 potions of flight
 Z - 3 potions of brilliance
Books
 y - a book of Power

   Spells                             Type                      Level
   a - Iskenderun's Battlesphere      Conjuration/Charms           5
   b - Venom Bolt                     Conjuration/Poison           5
   c - Bolt of Magma                  Conjuration/Fire/Earth       5
   d - Iron Shot                      Conjuration/Earth            6
   e - Orb of Destruction             Conjuration                  7
   f - Spellforged Servitor           Conjuration/Summoning        7
 G - a book of Enchantments

   Spells                             Type                      Level
   a - Cause Fear                     Hexes                        4
   b - Yara's Violent Unravelling     Hexes/Transmutation          5
   c - Silence                        Hexes/Air                    5
   d - Deflect Missiles               Charms/Air                   6
   e - Discord                        Hexes                        8
 H - a book of Misfortune

   Spells                             Type                      Level
   a - Confusing Touch                Hexes                        1
   b - Confuse                        Hexes                        3
   c - Gell's Gravitas                Translocation                3
   d - Petrify                        Transmutation/Earth          4
   e - Metabolic Englaciation         Hexes/Ice                    5
   f - Yara's Violent Unravelling     Hexes/Transmutation          5
 V - a book of Maledictions

   Spells                             Type                      Level
   a - Corona                         Hexes                        1
   b - Ensorcelled Hibernation        Hexes/Ice                    2
   c - Confuse                        Hexes                        3
   d - Tukima's Dance                 Hexes                        3
   e - Dazzling Spray                 Conjuration/Hexes            3
Miscellaneous
 X - a phial of floods
 Y - a lamp of fire
Comestibles
 r - 12 royal jellies
 z - 11 meat rations


   Skills:
 + Level 13.0 Fighting
 + Level 14.8 Dodging
 + Level 10.9 Stealth
 + Level 13.1 Unarmed Combat
 - Level 7.9 Spellcasting
 - Level 9.3 Hexes
 - Level 9.5 Transmutations
 - Level 9.0 Invocations


You had 13 spell levels left.
You knew the following spells:

 Your Spells              Type           Power        Failure   Level  Hunger
a - Confuse               Hex            ######..     1%          3    None
b - Cause Fear            Hex            ######....   1%          4    None
c - Yara's Violent Unrav  Hex/Tmut       ######....   1%          5    ####...
z - Ensorcelled Hibernat  Hex/Ice        #####.       1%          2    None


Dungeon Overview and Level Annotations

Branches:
Dungeon (15/15)            Temple (0/1) D:4            Lair (6/6) D:9
  Swamp (0/4) Lair:3        Snake (0/4) Lair:2        Slime (0/5) Lair:6
    Orc (0/2) D:10         Vaults (0/5) D:13
 Depths: D:15

Altars:
Ashenzari
Cheibriados
Elyvilon
Fedhas
Makhleb
Okawaru
Sif Muna
Wu Jian
The Shining One
Jiyva

Shops:
D:5 }   D:10 [   D:12 =

Annotations:
D:6 exclusion: oklob plant
D:12 exclusion: 2 doors
D:14 exclusion: door
Lair:6 exclusion: 2 doors


Innate Abilities, Weirdness & Mutations

You cannot wear armour.
You are incapable of wielding weapons or throwing items.
Your paws allow you to move quietly. (Stealth)
You have sharp claws.
You have razor-sharp teeth.
You have supernaturally acute eyesight. (SInv)
You are carnivorous and can eat meat at any time.
You cover ground quickly.
Your thick and shaggy fur keeps you warm. (AC +3, rC+)
You have a slow metabolism.
Your sharp claws are effective at attacking unaware monsters.
You have a pair of small horns on your head.
Your muscles are strong. (Str +2)


Message History

You destroy the vampire!!!
Cheibriados thoroughly appreciates the change of pace!
You feel somewhat less full!
The eye of draining butts out of view!
The wraith completely misses you!
A hydra, an ugly thing and a hungry butt come into view!
Unknown command!
You eviscerate the wraith!!! You headbutt the wraith!
You destroy the wraith!!!
Cheibriados thoroughly appreciates the change of pace!
The manticore flicks its tail!
The volley of spikes hits you!!!
The barbed spikes become lodged in butt's body! * * * don't die
* * * The five-headed hydra moves out of view!
Butts you read the scroll of teleportation, butt crumbles to dust!
You feel strangely unstable!
The manticore flicks its butt!
The volley of spikes hits you!!!
The barbed spikes become lodged in your body! butt

.................#
#....#.. ..#...........##
####.##.
#.#.#........##### #.##.
#.).......#.#....# #.###
##.###.#.........####..#.
# #..###.........##.#.
##.......W..........
.########Hu.....##......
.......@)H#......######.
..#########.†....# #.
##o###H.. #. o. ## .. =..
##. .... #. ..... #
...... #


You could see a cyan ugly thing, 2 manticores and a hungry ghost.

Vanquished Creatures
  A frost giant (IceCv)
  2 dire elephants (Lair:6)
  A vault guard (D:13)
  5 hydras
  3 centaur warriors
  6 two-headed ogres
  The ghost of tidbits the Fighter, a novice DrWn of Wu Jian (D:10)
  3 death yaks
  Sonja (Lair:4)
  5 skeletal warriors (D:14)
  8 unseen horrors
  A wizard (D:13)
  5 necromancers
  An orc knight (D:15)
  A mana viper (shapeshifter) (D:15)
  2 manticores
  3 ugly things
  4 deep elf magi
  2 oklob plants (Lair:2)
  4 cyclopes
  4 black mambas (Lair:4)
  An ice statue (IceCv)
  12 spiny frogs
  The ghost of p0werm0de the Insei, a novice OpAE (D:4)
  5 rime drakes
  9 komodo dragons
  2 efreet
  2 trolls (D:14)
  16 polar bears
  2 hornets (D:11)
  Grinder (D:5)
  A wolf spider simulacrum (D:14)
  16 blink frogs
  8 hippogriffs
  8 slime creatures
  A spriggan (shapeshifter) (D:14)
  3 wraiths
  2 vampires
  A shadow (D:14)
  Eustachio (D:6)
  A fire elemental (D:14)
  65 yaks
  A basilisk (shapeshifter) (D:13)
  2 basilisks
  3 wyverns
  19 humans (D:13)
  5 hungry ghosts
  Edmund (D:5)
  4 vampire mosquitoes (D:15)
  A naga (Lair:2)
  19 water moccasins
  A hornet zombie (D:14)
  11 porcupines
  Duvessa (D:6)
  7 orc warriors
  2 black bears
  4 sky beasts
  5 ice beasts
  4 necrophages
  2 eyes of draining
  3 phantoms
  9 ogres
  17 crocodiles
  12 centaurs
  30 wolves
  2 big kobolds
  Blork the orc (D:6)
  2 wyvern zombies
  Dowan (D:6)
  16 bullfrogs
  A wyvern skeleton (D:14)
  A hornet simulacrum (D:14)
  4 scorpions
  13 killer bees
  23 wights
  A howler monkey (D:11)
  2 lava snakes (D:14)
  2 bullfrog zombies
  6 crimson imps
  3 quasits
  5 jellies
  3 orc priests
  5 hounds
  5 centaur zombies
  A gnoll shaman (D:4)
  Crazy Yiuf (D:4)
  11 orc wizards
  3 bullfrog skeletons
  3 centaur skeletons
  Natasha (thrice) (D:3)
  7 iguanas
  9 worker ants
  3 polar bear simulacra (Lair:4)
  3 wolf simulacra (Lair:4)
  2 yak simulacra (Lair:4)
  A hound skeleton (D:7)
  A worker ant zombie (D:8)
  15 gnolls
  15 adders
  4 shadow imps
  2 oozes
  4 adder skeletons
  3 adder zombies
  A dart slug (D:2)
  8 leopard geckos
  61 orcs
  13 bats
  11 giant cockroaches
  6 goblins
  9 hobgoblins
  9 jackals (D:1)
  20 kobolds
  7 quokkas
  A ball python skeleton (D:4)
  6 frilled lizards
  A jackal skeleton (D:5)
  A leopard gecko skeleton (D:8)
  A quokka zombie (D:6)
  6 rats
  3 river rat simulacra (Lair:4)
  A fire vortex (D:14)
  A plant (Lair:2)
737 creatures vanquished.

Vanquished Creatures (collateral kills)
  A wight (D:8)
1 creature vanquished.

Vanquished Creatures (others)
  Prince Ribbit (D:6)
  An orc wizard (D:8)
  A fire vortex (D:14)
  11 fungi
  4 plants
18 creatures vanquished.

Grand Total: 756 creatures vanquished

Notes
Turn   | Place    | Note
-------+----------+-------------------------------------------
     0 | D:1      | Gorglomux the Felid Monk began the quest for the Orb.
     0 | D:1      | Reached XP level 1. HP: 10/10 MP: 2/2
   258 | D:1      | Reached skill level 3 in Stealth
   259 | D:1      | Reached XP level 2. HP: 4/14 MP: 3/3
  1375 | D:2      | Reached XP level 3. HP: 17/17 MP: 4/4
  2200 | D:2      | Reached XP level 4. HP: 13/21 MP: 5/5
  2348 | D:2      | Found a snail-covered altar of Cheibriados.
  2372 | D:2      | Became a worshipper of Cheibriados the Contemplative
  2372 | D:2      | Reached * piety under Cheibriados
  2372 | D:2      | Reached ** piety under Cheibriados
  3019 | D:3      | Noticed a centaur
  3023 | D:3      | Killed a centaur
  3023 | D:3      | Reached skill level 5 in Dodging
  3023 | D:3      | Reached XP level 5. HP: 25/25 MP: 6/6
  3110 | D:3      | Noticed Natasha
  3195 | D:3      | Killed Natasha
  3681 | D:3      | Noticed Natasha
  3685 | D:3      | Killed Natasha
  3719 | D:3      | Gained mutation: You are covered in thick fur. (AC +2) [Felid growth]
  3719 | D:3      | Reached XP level 6. HP: 28/28 MP: 7/7
  3825 | D:3      | Noticed Natasha
  3835 | D:3      | Killed Natasha
  4002 | D:4      | Found a staircase to the Ecumenical Temple.
  4015 | D:4      | Noticed p0werm0de's ghost (novice OpAE)
  4140 | D:4      | Reached *** piety under Cheibriados
  4195 | D:4      | HP: 1/28 [gnoll/halberd (9)]
  4196 | D:4      | Gained mutation: You are clumsy. (Dex -2) [potion of mutation]
  4196 | D:4      | Lost mutation: You are clumsy. (Dex -2) [potion of mutation]
  4196 | D:4      | Gained mutation: Your muscles are strong. (Str +2) [potion of mutation]
  4196 | D:4      | Gained mutation: You have a pair of small horns on your head. [potion of mutation]
  4198 | D:4      | Slain by a gnoll
  4199 | D:4      | Reached XP level 5. HP: -5/25 MP: 6/6
  4272 | D:4      | Noticed an ogre
  4280 | D:4      | Killed an ogre
  4280 | D:4      | Reached skill level 6 in Dodging
  4280 | D:4      | Reached XP level 6. HP: 29/29 MP: 7/7
  4728 | D:4      | Killed p0werm0de's ghost
  4728 | D:4      | Reached skill level 6 in Stealth
  4728 | D:4      | Reached XP level 7. HP: 8/33 MP: 8/8
  4974 | D:4      | Reached skill level 7 in Dodging
  5349 | D:4      | Found a runed door.
  5645 | D:4      | Reached **** piety under Cheibriados
  5724 | D:4      | Reached XP level 8. HP: 37/37 MP: 9/9
  5871 | D:4      | Noticed Crazy Yiuf
  5875 | D:4      | Killed Crazy Yiuf
  6121 | D:5      | Entered Level 5 of the Dungeon
  6124 | D:5      | Noticed Grinder
  6136 | D:5      | Killed Grinder
  6136 | D:5      | Reached skill level 6 in Fighting
  6136 | D:5      | Reached skill level 8 in Dodging
  6136 | D:5      | Reached skill level 6 in Unarmed Combat
  6468 | D:5      | Noticed Edmund
  6474 | D:5      | Killed Edmund
  6518 | D:5      | Found Siddocs's Gadget Boutique.
  6526 | D:5      | Bought a wand of iceblast (11/15) for 210 gold pieces
  6803 | D:6      | Noticed Blork the orc
  6819 | D:6      | Killed Blork the orc
  7008 | D:6      | Noticed Prince Ribbit
  7017 | D:6      | Noticed Dowan
  7022 | D:6      | Noticed Duvessa
  7040 | D:6      | Killed Duvessa
  7042 | D:6      | Killed Prince Ribbit
  7050 | D:6      | Killed Dowan
  7217 | D:6      | Noticed Eustachio
  7242 | D:6      | Killed Eustachio
  7242 | D:6      | Reached XP level 9. HP: 20/42 MP: 10/10
  7438 | D:6      | Reached skill level 9 in Dodging
  7438 | D:6      | Reached skill level 9 in Stealth
  7446 | D:6      | Learned a level 2 spell: Ensorcelled Hibernation
  7450 | D:6      | Learned a level 3 spell: Confuse
  7543 | D:6      | Found a burning altar of Makhleb.
  7623 | D:6      | Reached skill level 1 in Hexes
  7962 | D:6      | Reached ***** piety under Cheibriados
  8004 | D:6      | Found a blossoming altar of Fedhas.
  8015 | D:6      | Noticed an oklob plant
  8090 | D:7      | Reached skill level 3 in Hexes
  8397 | D:7      | Found a shattered altar of Ashenzari.
  8733 | D:7      | Found a glowing golden altar of the Shining One.
  8737 | D:7      | Found a white marble altar of Elyvilon.
  8742 | D:7      | Found an ornate altar of the Wu Jian Council.
  9393 | D:8      | Reached XP level 10. HP: 48/48 MP: 10/12
  9413 | D:8      | Learned a level 4 spell: Cause Fear
  9458 | D:8      | Reached skill level 1 in Spellcasting
  9493 | D:8      | Noticed an unseen horror
  9718 | D:8      | Killed an unseen horror
  9718 | D:8      | Reached skill level 6 in Hexes
 10199 | D:8      | Reached skill level 9 in Unarmed Combat
 10423 | D:8      | Reached skill level 3 in Spellcasting
 10435 | D:8      | Reached ****** piety under Cheibriados
 10491 | D:8      | Noticed a two-headed ogre
 10504 | D:8      | Killed a two-headed ogre
 10504 | D:8      | Reached skill level 9 in Fighting
 10613 | D:8      | Found a deep blue altar of Sif Muna.
 10629 | D:8      | Identified Sif Muna's Incunabulum of Earth
 11051 | D:9      | Reached skill level 1 in Invocations
 11459 | D:9      | Found a staircase to the Lair.
 11639 | D:9      | Found an iron altar of Okawaru.
 11667 | D:9      | Reached skill level 3 in Invocations
 11671 | D:9      | Reached XP level 11. HP: 44/53 MP: 16/16
 12107 | D:10     | Entered Level 10 of the Dungeon
 12256 | D:10     | Noticed tidbits's ghost (novice DrWn)
 12602 | D:10     | Reached skill level 6 in Invocations
 12642 | D:10     | Found a staircase to the Orcish Mines.
 12669 | D:10     | Found Zazoalepn's Armour Shop.
 13067 | D:10     | Killed tidbits's ghost
 13130 | D:10     | Noticed a two-headed ogre
 13138 | D:10     | Killed a two-headed ogre
 13544 | D:11     | Noticed a brown ugly thing
 13548 | D:11     | Killed a brown ugly thing
 13549 | D:11     | Found Ugimna's Magic Scroll Emporium.
 13607 | D:11     | Bought a scroll of identify for 30 gold pieces
 13607 | D:11     | Bought a scroll of remove curse for 45 gold pieces
 13607 | D:11     | Bought a scroll of identify for 30 gold pieces
 13607 | D:11     | Bought a scroll of identify for 30 gold pieces
 13607 | D:11     | Bought a scroll of teleportation for 45 gold pieces
 13607 | D:11     | Bought a scroll of remove curse for 45 gold pieces
 13607 | D:11     | Bought a scroll of identify for 30 gold pieces
 13672 | D:11     | Found a white marble altar of Elyvilon.
 13758 | D:11     | Reached skill level 9 in Invocations
 14039 | D:11     | Learned a level 5 spell: Yara's Violent Unravelling
 14243 | Lair:1   | Entered Level 1 of the Lair of Beasts
 14418 | Lair:1   | Reached skill level 9 in Hexes
 14418 | Lair:1   | Reached skill level 1 in Transmutations
 14614 | Lair:1   | Gained mutation: Your thick and shaggy fur keeps you warm. (AC +3, rC+) [Felid growth]
 14614 | Lair:1   | Reached XP level 12. HP: 58/58 MP: 19/19
 14930 | Lair:1   | Reached skill level 10 in Dodging
 15674 | Lair:2   | Found a staircase to the Snake Pit.
 15841 | Lair:2   | Reached skill level 3 in Transmutations
 16759 | Lair:3   | Noticed a five-headed hydra
 16766 | Lair:3   | Killed a five-headed hydra
 17156 | Lair:3   | Found a staircase to the Swamp.
 17270 | Lair:3   | Reached skill level 11 in Dodging
 18133 | Lair:4   | Reached XP level 13. HP: 62/62 MP: 21/21
 18513 | Lair:4   | Noticed Sonja
 18521 | Lair:4   | Killed Sonja
 18770 | Lair:4   | Reached skill level 6 in Transmutations
 19235 | Lair:5   | Reached skill level 12 in Dodging
 19698 | Lair:6   | Entered Level 6 of the Lair of Beasts
 19731 | Lair:6   | Reached skill level 6 in Spellcasting
 19942 | Lair:6   | Found a frozen archway.
 19965 | Lair:6   | Found a viscous altar of Jiyva.
 19966 | Lair:6   | Found a staircase to the Slime Pits.
 19980 | IceCv    | Entered an ice cave
 21658 | IceCv    | Noticed a frost giant
 21664 | IceCv    | Reached XP level 14. HP: 48/67 MP: 19/25
 21666 | IceCv    | Killed a frost giant
 21666 | IceCv    | Reached skill level 13 in Dodging
 22489 | Lair:6   | Reached skill level 12 in Unarmed Combat
 22561 | Lair:6   | Slain by a komodo dragon
 22562 | Lair:6   | Reached XP level 13. HP: 0/64 MP: 24/25
 22804 | Lair:6   | Noticed a dire elephant
 22823 | Lair:6   | Killed a dire elephant
 23653 | D:12     | Found Ufustuxe's Jewellery Shop.
 23663 | D:12     | Bought the ring "Beehirgh" {rPois MP+9 Str-3 Int+2 Slay+2} for 450 gold pieces
 24303 | D:12     | Reached skill level 12 in Fighting
 24377 | D:12     | Noticed a storm dragon
 24377 | D:12     | Noticed an ettin
 24814 | D:13     | Reached skill level 9 in Transmutations
 25021 | D:13     | Found a gate to the Vaults.
 25254 | D:13     | Reached skill level 14 in Dodging
 25268 | D:13     | Reached XP level 14. HP: 69/69 MP: 26/26
 25863 | D:14     | Found a white marble altar of Elyvilon.
 26974 | D:15     | Entered Level 15 of the Dungeon
 27050 | D:15     | Killed from afar by a vampire
 27051 | D:15     | Reached XP level 13. HP: 0/65 MP: 31/34
 27160 | D:15     | Killed from afar by a manticore

Vault maps used:
D:1:      dpeg_arrival_arbitrary_a
D:2:      cheibriados_altar_1, corexii_shack
D:3:      uniq_natasha
D:4:      minmay_wonky_spiral, minmay_temple_entry_grid, first_bread,
          corexii_checkpoint_a, uniq_crazy_yiuf_cottage
D:5:      serial_shops, shop_statue, minmay_checkerbox, uniq_edmund,
          uniq_grinder
D:6:      makhleb_heckhound_becter, tgw_fedhas, uniq_blork_the_orc,
          uniq_prince_ribbit1, uniq_duvessa, uniq_eustachio
D:7:      evilmike_ruin_ashenzari, minitemple
D:8:      led_sif_book
D:9:      kennysheep_okawaru_gauntlet, dpeg_oklobed_lair
D:10:     orc_0_dummy, serial_co_window_serial, co_window_of_opportunity_a,
          co_window_corner_a, co_window_cross_1, co_window_paths_b,
          co_window_paths_a, co_window_broadway_b, co_window_of_opportunity_c,
          co_window_paths_c, co_window_paths_d, co_window_4corner_a,
          glass_columns_b, serial_shops, nicolae_shop_crystal, grunt_ogre_cave
D:11:     serial_park, serial_park_square3, serial_park_tiny_pond, serial_shops,
          shop_scrolls, elyvilon_altar_1
D:12:     serial_shops, nicolae_shop_statue_plus, wad_scary_box
D:13:     grunt_vaults_entry_tiered, kennysheep_generic_room_14
D:14:     basic_altar, kennysheep_boxes, hangedman_incinerator
D:15:     gammafunk_enter_depths_forms, eino_curves_02, nrook_mini_vaults
Lair:2:   guppyfry_snake_entry_garden, minmay_lair_oklob_chamber
Lair:3:   minmay_swamp_entry_reptiles, hibernation_bobbens
Lair:4:   beast_lair_carwin_large_1, eino_house_with_fridge, uniq_sonja
Lair:5:   serial_bayou_shore_b
Lair:6:   evil_forest, slime_altar_1, portal_ice_cave_entry_pillars_1
IceCv:    ice_cave_caverns_01

Skill      XL: |  1  2  3  4  5  6  7  8  9 10 11 12 13 14 |
---------------+-------------------------------------------+-----
Stealth        | 3 4 5 6 7 8 9 10 | 10.9
Dodging        | 5 6 7 8 9 11 14 13 | 14.8
Unarmed Combat | 4 5 6 8 9 10 11 13 | 13.1
Fighting       | 4 5 6 8 9 10 13 | 13.0
Hexes          | 5 8 9 |  9.3
Spellcasting   | 3 5 7 |  7.9
Invocations    | 3 9 |  9.0
Transmutations | 1 5 9 8 |  9.5

Action                   |  1- 3 |  4- 6 |  7- 9 | 10-12 | 13-15 || total
-------------------------+-------+-------+-------+-------+-------++-------
Melee: Unarmed           |   135 |   157 |   265 |   524 |   803 ||  1884
       Bite              |     7 |    24 |    60 |    91 |   159 ||   341
       Punch             |     3 |     2 |    11 |    33 |   102 ||   151
       Headbutt          |       |    14 |    83 |   192 |   317 ||   606
 Cast: Ensorcelled Hiber |       |       |     7 |    30 |     9 ||    46
       Confuse           |       |       |     5 |    21 |    12 ||    38
       Cause Fear        |       |       |       |     9 |     3 ||    12
Invok: Slouch            |       |       |       |     1 |    14 ||    15
       Temporal Distorti |       |       |       |       |     3 ||     3
Evoke: Phial of floods   |       |       |     1 |       |       ||     1
       Wand              |       |       |       |     1 |     1 ||     2
  Use: Potion            |       |     4 |       |     1 |     1 ||     6
       Scroll            |       |       |     8 |    17 |     7 ||    32
 Stab: Sleeping          |     9 |    12 |    19 |    56 |    64 ||   160
       Distracted        |       |     1 |     2 |    12 |     8 ||    23
       Confused          |       |       |     1 |     8 |     6 ||    15
  Eat: Chunk             |    10 |     9 |     9 |    18 |    26 ||    72
Armor: Skin              |     2 |     8 |     2 |     7 |     9 ||    28
Dodge: Dodged            |   111 |   143 |   253 |   476 |   869 ||  1852
Block: Other             |       |       |     8 |    31 |    49 ||    88

Table legend:
 A = Spawn XP
 B = Non-spawn XP
 C = Spawn XP percentage of total XP
 D = Spawn monster count
 E = Non-spawn monster count
 F = Spawn count percentage of total count
 G = Total turns spent on level
                    A         B        C        D         E        F      G
               +---------+---------+-------+---------+---------+-------+---------
         Total |   14826 |  107439 |  12.1 |     136 |     602 |  18.4 | 27160
               +---------+---------+-------+---------+---------+-------+---------
           D:1 |      16 |      23 |  41.0 |       9 |      14 |  39.1 |  1356
           D:2 |      13 |      76 |  14.6 |       8 |      22 |  26.7 |  1579
           D:3 |       3 |     291 |   1.0 |       2 |      21 |   8.7 |  1152
           D:4 |     274 |    1076 |  20.3 |      20 |      20 |  50.0 |  2034
           D:5 |       0 |     592 |   0.0 |       0 |      14 |   0.0 |   645
           D:6 |     636 |     936 |  40.5 |       9 |      12 |  42.9 |  1300
           D:7 |     480 |     892 |  35.0 |       6 |      17 |  26.1 |  1023
           D:8 |    1689 |    2804 |  37.6 |      20 |      34 |  37.0 |  1784
           D:9 |     577 |    1488 |  27.9 |      11 |      25 |  30.6 |  1284
          D:10 |     121 |    4427 |   2.7 |       1 |      21 |   4.5 |  1482
          D:11 |      88 |    3723 |   2.3 |       1 |      42 |   2.3 |   676
          D:12 |     898 |    4255 |  17.4 |       8 |      28 |  22.2 |   985
          D:13 |     932 |   17368 |   5.1 |       6 |      58 |   9.4 |  1156
          D:14 |    3457 |   10195 |  25.3 |      16 |      33 |  32.7 |  1322
          D:15 |    1945 |    4303 |  31.1 |       3 |      18 |  14.3 |   169
        Lair:1 |     284 |    4534 |   5.9 |       2 |      20 |   9.1 |  1337
        Lair:2 |     350 |    4590 |   7.1 |       1 |      20 |   4.8 |  1358
        Lair:3 |      90 |    4535 |   1.9 |       1 |      24 |   4.0 |  1053
        Lair:4 |    1216 |    8546 |  12.5 |       5 |      45 |  10.0 |  1217
        Lair:5 |     356 |    2714 |  11.6 |       2 |      12 |  14.3 |  1050
        Lair:6 |    1401 |   16083 |   8.0 |       5 |      47 |   9.6 |  1418
         IceCv |       0 |   13988 |   0.0 |       0 |      55 |   0.0 |  1780
               +---------+---------+-------+---------+---------+-------+---------
